 Dungeon Crawl Stone Soup version 0.29-a0-997-gf6f7e2dfe7 (webtiles) character file.

Game seed: 6135523543871818688

869 vurker the Trooper (level 7, -2/64 HPs)
             Began as a Minotaur Enchanter on Aug 4, 2022.
             Was an Elder of Lugonu.
             Slain by a killer bee (4 damage)
             ... on level 5 of the Dungeon.
             The game lasted 00:07:04 (5332 turns).

vurker the Trooper (Minotaur Enchanter)             Turns: 5332, Time: 00:07:05

Health: -2/64      AC: 10    Str: 11 (14) XL:     7   Next: 73%
Magic:  8/8        EV:  9    Int:  9 (12) God:    Lugonu [****..]
Gold:   252        SH:  3    Dex: 10 (11) Spells: 8/8 levels left

rFire   . . .      SeeInvis .   r - +5 dagger (venom)
rCold   . . .      Faith    .   v - +0 buckler
rNeg    . . .      Spirit   .   f - +0 scale mail
rPois   .          Reflect  .   q - +2 hat
rElec   .          Harm     .   u - +0 cloak
rCorr   .          Rampage  .   (no gloves)
Will    +....                   (no boots)
Stlth   ..........              (no amulet)
HPRegen 0.20/turn               j - ring of willpower
MPRegen 0.11/turn               (no ring)

@: lethally poisoned (-2 -> -12)
A: horns 2, retaliatory headbutt
a: Renounce Religion, Depart the Abyss, Bend Space, Banish, Corrupt


You were on level 5 of the Dungeon.
You worshipped Lugonu.
Lugonu was greatly pleased with you.
You visited 1 branch of the dungeon, and saw 5 of its levels.

You collected 252 gold pieces.

Inventory:

Hand Weapons
 r - a +5 dagger of venom (weapon)
   (You took it off Robin on level 3 of the Dungeon)
Missiles
 a - a throwing net (quivered)
Armour
 f - a +0 scale mail (worn)
   (You found it on level 4 of the Dungeon)
 q - a +2 hat (worn)
   (You found it on level 3 of the Dungeon)
 u - a +0 cloak (worn)
   (You found it on level 3 of the Dungeon)
 v - a +0 buckler (worn)
   (You found it on level 2 of the Dungeon)
Jewellery
 j - a ring of willpower (left hand)
   (You found it on level 1 of the Dungeon)
Scrolls
 d - a scroll of acquirement
 k - a scroll of enchant armour {unknown}
Potions
 b - a potion of ambrosia {unknown}
 c - 2 potions of invisibility
 g - a potion of berserk rage {unknown}
 h - a potion of haste {unknown}
 m - a potion of heal wounds {unknown}
 n - a potion of might {unknown}


   Skills:
 * Level 6.6 Fighting
 - Level 1.1 Short Blades
 + Level 4.5 Armour
 + Level 4.8 Dodging
 - Level 2.4 Stealth
 - Level 1.3 Spellcasting
 - Level 2.0 Hexes
 + Level 3.2 Invocations


You had 8 spell levels left.
You didn't know any spells.
Your spell library contained the following spells:

 Spells                   Type           Power      Damage    Failure   Level
 Ensorcelled Hibernation  Hex/Ice        4%         N/A       95%         2
 Confusing Touch          Hex            4%         N/A       98%         3
 Tukima's Dance           Hex            4%         N/A       98%         3
 Dazzling Flash           Conj/Hex       4%         N/A       99%         3


Dungeon Overview and Level Annotations

Branches:
Dungeon (5/15)             Temple (0/1) D:4

Altars:
Nemelex Xobeh
Uskayaw
Vehumet
Wu Jian
The Shining One
Lugonu


Innate Abilities, Weirdness & Mutations

You have a pair of horns on your head.
You reflexively headbutt those who attack you in melee.


Message History

You are poisoned.
The killer bee poisons you! The killer bee stings you.
* * * LOW HITPOINT WARNING * * *
You are more poisoned.
The killer bee poisons you! The killer bee barely misses you.
The killer bee stings you but does no damage.
You hit the killer bee but do no damage.
Your headbutt misses the killer bee.
You feel very sick. The killer bee closely misses you.
The killer bee stings you.
* * * LOW HITPOINT WARNING * * *
The killer bee stings you but does no damage.
The killer bee barely misses you. You furiously retaliate!
You headbutt the killer bee.
Unknown command.
You miss the killer bee.
* * * LOW HITPOINT WARNING * * *
You feel very sick. The killer bee barely misses you. You furiously retaliate!
You headbutt the killer bee, but do no damage.
The killer bee barely misses you.
The killer bee stings you but does no damage.
The killer bee stings you.
* * * LOW HITPOINT WARNING * * *
Unknown command.
It was a potion of degeneration.
There was something very wrong with that liquid.
You feel weakened.
You feel dopey.
You feel clumsy.
* * * LOW HITPOINT WARNING * * *
You feel sick.
The killer bee stings you but does no damage.
The killer bee closely misses you. You furiously retaliate!
You headbutt the killer bee, but do no damage.
The killer bee barely misses you.
The killer bee stings you but does no damage.
Unknown command.
You hit the killer bee.
You kill the killer bee!
Lugonu accepts your kill.
* * * LOW HITPOINT WARNING * * *
You feel sick. The killer bee stings you.
* * * LOW HITPOINT WARNING * * *
You are more poisoned.
The killer bee poisons you! The killer bee barely misses you.
You furiously retaliate!
You headbutt the killer bee! You hit the killer bee.
The killer bee is poisoned.
* * * LOW HITPOINT WARNING * * *
You feel very sick. The killer bee stings you.
You die...

# #+###..
.......
####.......
#..#.......
#.†y.......
#.@#.....##
#..#.....#
#..#######.
.#
#..........
...
#..........
...
#..##...##.
...
#..######
##.
#..'....#
##≈≈
#..##...#
≈≈≈≈


You could see a killer bee (very poisoned).

Vanquished Creatures
  Grinder (D:4)
  A bullfrog (D:4)
  2 scorpions
  2 killer bees (D:5)
  3 orc priests
  A jelly (D:4)
  Robin (D:3)
  6 adders
  8 gnolls
  A worm (D:2)
  11 orcs
  9 ball pythons
  4 bats
  5 endoplasms
  5 giant cockroaches
  21 goblins
  16 hobgoblins
  10 jackals
  3 quokkas
  3 frilled lizards
  5 kobolds
  11 rats
129 creatures vanquished.

Notes
Turn   | Place    | Note
-------+----------+-------------------------------------------
     0 | D:1      | vurker the Minotaur Enchanter began the quest for the Orb.
     0 | D:1      | Reached XP level 1. HP: 14/14 MP: 1/1
    36 | D:1      | Reached skill level 1 in Fighting
   248 | D:1      | You fall into a shaft and drop 1 floor!
   360 | D:2      | Reached skill level 1 in Armour
   360 | D:2      | Reached XP level 2. HP: 24/24 MP: 3/3
   445 | D:1      | Reached skill level 2 in Fighting
   597 | D:1      | Reached XP level 3. HP: 26/29 MP: 4/4
   699 | D:1      | Found a faded altar of an unknown god.
   706 | D:1      | Prayed at the altar of an unknown god.
   706 | D:1      | Became a worshipper of Lugonu the Unformed
   706 | D:1      | Reached * piety under Lugonu
   706 | D:1      | Reached ** piety under Lugonu
  1808 | D:2      | Reached skill level 3 in Fighting
  1875 | D:2      | Reached XP level 4. HP: 34/38 MP: 5/5
  2860 | D:3      | Reached skill level 1 in Invocations
  2947 | D:3      | Noticed Robin
  3020 | D:3      | Reached *** piety under Lugonu
  3023 | D:3      | Killed Robin
  3024 | D:3      | Reached XP level 5. HP: 35/46 MP: 6/6
  3167 | D:3      | Found a glowing golden altar of the Shining One.
  3384 | D:3      | Reached skill level 4 in Fighting
  3590 | D:3      | Found a radiant altar of Vehumet.
  4061 | D:4      | Reached XP level 6. HP: 46/53 MP: 7/7
  4138 | D:4      | Identified a scroll of acquirement
  4176 | D:4      | Found a staircase to the Ecumenical Temple.
  4277 | D:4      | Found an ornate altar of the Wu Jian Council.
  4318 | D:4      | Found a hide-covered altar of Uskayaw.
  4621 | D:4      | Reached skill level 5 in Fighting
  4771 | D:4      | Found a sparkling altar of Nemelex Xobeh.
  5085 | D:4      | Noticed Grinder
  5089 | D:4      | Reached XP level 7. HP: 61/61 MP: 8/8
  5091 | D:4      | Reached **** piety under Lugonu
  5114 | D:4      | Killed Grinder
  5115 | D:4      | Reached skill level 6 in Fighting
  5198 | D:5      | Entered Level 5 of the Dungeon
  5332 | D:5      | HP: 2/64 [poisoned by a killer bee]
  5332 | D:5      | Slain by a killer bee

Illustrated notes

Levels and vault maps discovered:
D:1:      ebering_hopf_link, layout_loops_ring,
          dreamdust_ecumenical_altar_angels_and_demons
D:2:      minmay_skewed_foursquare, layout_basic
D:3:      layout_loops_corners, mainiacjoe_overflow_tiny_flanked,
          nicolae_overflow_crystal_walls, uniq_robin
D:4:      layout_gridville, nicolae_wu_jian_immortal_techniques,
          mainiacjoe_overflow_24_doors, nemelex_spade_bored_becter,
          minmay_temple_entry_stoned_glass, uniq_grinder
D:5:      layout_gridville, nicolae_dithmenos_shadow_blocks,
          amethyst_overflow_temple_binary, serial_rivers,
          chequers_serial_rivers_small_3, chequers_serial_rivers_marsh,
          chequers_serial_rivers_room_b, chequers_serial_rivers_micro_e,
          chequers_serial_rivers_micro_e, ebering_ghost_sewer_d

Skill      XL: |  1  2  3  4  5  6  7 |
---------------+----------------------+-----
Fighting       | 1 2 3 4 5 6 |  6.6
Armour         | 1 2 3 4 |  4.5
Dodging        | 3 4 |  4.8
Invocations    | 1 2 3 |  3.2
Short Blades   | |  1.1
Stealth        | |  2.4
Spellcasting   | |  1.3
Hexes          | |  2.0

Action                   |  1- 3 |  4- 6 |  7- 9 || total
-------------------------+-------+-------+-------++-------
Melee: Dagger            |   119 |   158 |    39 ||   316
       Headbutt          |    18 |    24 |     5 ||    47
       Punch             |       |     1 |       ||     1
Evoke: Wand              |       |       |     2 ||     2
  Use: Potion            |       |     1 |     2 ||     3
       Scroll            |       |     7 |       ||     7
 Stab: Sleeping          |     6 |     7 |       ||    13
Armor: Robe              |    10 |    22 |       ||    32
       Ring mail         |       |    10 |       ||    10
       Scale mail        |       |     7 |    22 ||    29
Dodge: Dodged            |    61 |    81 |    34 ||   176
Block: Buckler           |       |     4 |     6 ||    10

Table legend: (Time is in decaauts)
 A = Elapsed time spent in this place.
 B = Non-inter-level travel time spent in this place.
 C = Inter-level travel time spent in this place.
 D = Time resting spent in this place.
 E = Time spent auto-exploring this place.
 F = Levels seen in this place.
 G = Mean time per level.
                   A        B        C        D        E       F      G
               +--------+--------+--------+--------+--------+-----+--------+
         Total |   5319 |   4971 |    348 |      0 |   4145 |   5 | 1063.8 |
       Dungeon |   5319 |   4971 |    348 |      0 |   4145 |   5 | 1063.8 |
               +--------+--------+--------+--------+--------+-----+--------+

Top non-repeatable levels by time:
     D:2: 1660 daAuts
     D:3: 1329 daAuts
     D:4: 1111 daAuts
     D:1: 1084 daAuts
     D:5: 133 daAuts
